 Dungeon Crawl Stone Soup version 0.25.1-2-g60ff931df9 (webtiles) character file.

Game seed: 9294567118931854769

5896 Fallenstar the Blocker (level 10, -6/81 HPs)
             Began as a Minotaur Fighter on Sept 14, 2020.
             Was an Elder of Okawaru.
             Mangled by an unseen horror (8 damage)
             ... on level 11 of the Dungeon.
             The game lasted 00:25:30 (8774 turns).

Fallenstar the Blocker (Minotaur Fighter)           Turns: 8774, Time: 00:25:30

Health: -6/81      AC: 14    Str: 23    XL:     10   Next: 53%
Magic:  9/9        EV: 10    Int:  5    God:    Okawaru [****..]
Gold:   497        SH: 18    Dex: 11    Spells: 9/9 levels left

rFire    . . .     SeeInvis .   a - +0 war axe
rCold    + . .     Gourm    .   c - +1 kite shield
rNeg     . . .     Faith    .   A - quicksilver dragon scales
rPois    .         Spirit   .   (helmet restricted)
rElec    .         Reflect  .   (no cloak)
rCorr    +         Harm     .   (no gloves)
MR       +....                  (no boots)
Stlth    +.........             (no amulet)
HPRegen  0.23/turn              v - ring of resist corrosion
MPRegen  0.11/turn              y - ring of protection from cold

@: brilliant, very slightly contaminated
A: retaliatory headbutt, horns 2, large bone plates 1, slimy green scales 1,
frail 1
a: Heroism, Renounce Religion


You were on level 11 of the Dungeon.
You worshipped Okawaru.
Okawaru was greatly pleased with you.
You were not hungry.

You visited 2 branches of the dungeon, and saw 12 of its levels.

You collected 497 gold pieces.

Inventory:

Hand Weapons
 a - a +0 war axe (weapon)
Missiles
 j - 6 javelins (quivered)
Armour
 c - a +1 kite shield (worn)
 A - quicksilver dragon scales (worn)
 D - a +1 scale mail of positive energy
 E - the cursed +0 scale mail "Daerek" {SInv}
   (You found it on level 7 of the Dungeon)

   It lets you see invisible.
   It has a curse placed upon it.
Jewellery
 e - an uncursed ring of magical power
 v - a ring of resist corrosion (left hand)
 y - a ring of protection from cold (right hand)
Wands
 q - a wand of polymorph (24)
 w - a wand of disintegration (13)
 x - a wand of digging (3)
 B - a wand of clouds (2)
Scrolls
 b - 3 scrolls of amnesia {unknown}
 h - 2 scrolls of enchant weapon
 k - 6 scrolls of teleportation
 l - 2 scrolls of identify
 n - a scroll of immolation {unknown}
 p - 5 scrolls of remove curse
 s - a scroll of fear {unknown}
 u - 6 scrolls of magic mapping {unknown}
 C - 2 scrolls of fog {unknown}
Potions
 d - 3 potions of might
 g - 3 potions of mutation
 m - a potion of degeneration {unknown}
 o - a potion of stabbing {unknown}
 t - a potion of brilliance
 z - a potion of cancellation {unknown}
 F - a potion of flight {unknown}
Comestibles
 f - 11 rations


   Skills:
 * Level 8.4 Fighting
 + Level 11.0 Axes
 + Level 7.4 Armour
 - Level 1.1 Dodging
 * Level 12.1 Shields
 + Level 0.1 Invocations


You had 9 spell levels left.
You didn't know any spells.
Your spell library contained the following spells:

 Spells                   Type           Power        Failure   Level  Hunger
 Freeze                   Ice            #...         75%         1    None
 Frozen Ramparts          Ice            #.....       98%         3    None
 Ozocubu's Armour         Chrm/Ice       #.......     98%         3    None
 Hailstorm                Conj/Ice       #.......     100%        4    None
 Summon Ice Beast         Ice/Summ       #.......     100%        4    None


Dungeon Overview and Level Annotations

Branches:
Dungeon (11/15)            Temple (1/1) D:4            Lair (0/6) D:11
    Orc (0/2) D:9

Altars:
Ashenzari
Cheibriados
Dithmenos
Elyvilon
Fedhas
Gozag
Hepliaklqana
Kikubaaqudgha
Makhleb
Nemelex Xobeh
Okawaru
Qazlal
Ru
Sif Muna
Trog
Uskayaw
Vehumet
Wu Jian
Xom
Yredelemnul
Zin
The Shining One

Shops:
D:11 :

Annotations:
D:10 Snorg


Innate Abilities, Weirdness & Mutations

You reflexively headbutt those who attack you in melee.
You have a pair of horns on your head.
You are partially covered in large bone plates. (SH +4)
You are partially covered in slimy green scales. (AC +2)
You are frail. (-10% HP)


Message History

A worker ant comes into view.
You block the steam dragon's attack.
The steam dragon claws you but does no damage.
Your surroundings suddenly seem different.
Something hits you but does no damage.
Deactivating autopickup; reactivate with Ctrl-A.
Found 19 stones.
Something hits you but does no damage. Something hits you but does no damage.
Something hits you but does no damage. Something hits you but does no damage.
You block something's attack. Something hits you.
* * * LOW HITPOINT WARNING * * *
Something hits you but does no damage. Something hits you.
* * * LOW HITPOINT WARNING * * *
Something hits you but does no damage. Something hits you but does no damage.
Something hits you!
You die...

######## #.......#
#......# #.......#
##......# #.......#
........# #.......#
........# #.......#
........#######.......#
.......................
#######........@.......
#.(..#####.......
#....# ....... +....#
####... #....# ..
#....# # .....# ......#
#####+###.


There were no monsters in sight!

Vanquished Creatures
  Erica (D:8)
  A two-headed ogre (D:8)
  Pikel (D:4)
  A troll (D:9)
  Prince Ribbit (D:7)
  A hippogriff (D:8)
  4 yaks (D:9)
  A hungry ghost (D:9)
  A water moccasin (D:9)
  Duvessa (D:7)
  A porcupine (D:11)
  3 sky beasts
  A slave (D:4)
  An orc warrior (D:8)
  A phantom (D:8)
  2 black bears (D:11)
  A centaur (D:6)
  A wolf (D:11)
  A crocodile (D:11)
  5 bullfrogs
  Dowan (D:7)
  5 killer bees (D:8)
  3 howler monkeys
  A crimson imp (D:9)
  A hound (D:9)
  3 jellies
  3 orc wizards
  A centaur skeleton (D:8)
  4 worker ants
  Natasha (thrice) (D:2)
  8 iguanas
  A hound zombie (D:5)
  A hound skeleton (D:8)
  A worker ant zombie (D:5)
  Robin (D:4)
  13 gnolls
  10 adders
  2 shadow imps (D:8)
  2 oozes
  2 adder zombies
  An adder skeleton (D:4)
  2 leopard geckos
  16 orcs
  3 bats
  2 giant cockroaches
  10 goblins
  3 hobgoblins
  14 jackals
  7 kobolds
  3 quokkas
  2 ball pythons
  4 frilled lizards
  A leopard gecko skeleton (D:7)
  A quokka skeleton (D:4)
  3 rats
168 creatures vanquished.

Vanquished Creatures (others)
  An orc (D:4)
  A leopard gecko skeleton (D:4)
2 creatures vanquished.

Grand Total: 170 creatures vanquished

Notes
Turn   | Place    | Note
-------+----------+-------------------------------------------
     0 | D:1      | Fallenstar the Minotaur Fighter began the quest for the
                  | Orb.
     0 | D:1      | Reached XP level 1. HP: 19/19 MP: 0/0
   484 | D:1      | Reached XP level 2. HP: 27/27 MP: 1/1
   516 | D:1      | Reached skill level 4 in Shields
   842 | D:2      | Reached XP level 3. HP: 28/33 MP: 2/2
  1094 | D:2      | Found a sparkling altar of Nemelex Xobeh.
  1134 | D:2      | Noticed a sky beast
  1146 | D:2      | Killed a sky beast
  1146 | D:2      | Reached skill level 1 in Dodging
  1146 | D:2      | Reached XP level 4. HP: 20/40 MP: 3/3
  1146 | D:2      | Reached XP level 5. HP: 24/46 MP: 4/4
  1333 | D:2      | Noticed Natasha
  1336 | D:2      | Killed Natasha
  1336 | D:2      | Reached skill level 5 in Armour
  1408 | D:2      | Noticed Natasha
  1418 | D:2      | Killed Natasha
  1538 | D:2      | Noticed Natasha
  1543 | D:2      | Killed Natasha
  1543 | D:2      | Reached skill level 5 in Axes
  1660 | D:2      | Gained mutation: You are partially covered in large bone
                  | plates. (SH +4) [potion of mutation]
  1660 | D:2      | Gained mutation: You are frail. (-10% HP) [potion of
                  | mutation]
  1660 | D:2      | Gained mutation: You are partially covered in slimy green
                  | scales. (AC +2) [potion of mutation]
  2837 | D:4      | Identified the cursed +0 helmet of Shadows and Fog {rPois
                  | rF++ Str+4 Dex-3}
  2837 | D:4      | Noticed Robin
  2844 | D:4      | Killed Robin
  2844 | D:4      | Reached XP level 6. HP: 46/46 MP: 5/5
  2922 | D:4      | Noticed a slave
  2934 | D:4      | Killed a slave
  2992 | D:4      | Found a sacrificial altar of Ru.
  3035 | D:4      | Noticed Pikel
  3036 | D:4      | Noticed a slave
  3037 | D:4      | Noticed a slave
  3046 | D:4      | Noticed a slave
  3056 | D:4      | Killed Pikel
  3056 | D:4      | Reached skill level 5 in Fighting
  3056 | D:4      | Reached skill level 6 in Shields
  3056 | D:4      | Reached XP level 7. HP: 25/54 MP: 6/6
  3234 | D:4      | Found a staircase to the Ecumenical Temple.
  3354 | Temple   | Entered the Ecumenical Temple
  3517 | Temple   | Became a worshipper of Warmaster Okawaru
  4040 | D:5      | Entered Level 5 of the Dungeon
  4284 | D:5      | You fall into a shaft and drop 1 floor!
  4953 | D:5      | Found a shimmering altar of Xom.
  5053 | D:5      | Reached XP level 8. HP: 60/62 MP: 7/7
  5268 | D:6      | Reached skill level 7 in Shields
  5914 | D:7      | Noticed Prince Ribbit
  5936 | D:7      | Killed Prince Ribbit
  5936 | D:7      | Reached * piety under Okawaru
  5936 | D:7      | Reached skill level 8 in Shields
  6030 | D:7      | Noticed Duvessa
  6035 | D:7      | Noticed Dowan
  6043 | D:7      | Killed Duvessa
  6050 | D:7      | Killed Dowan
  6245 | D:7      | Found a glowing golden altar of the Shining One.
  6282 | D:7      | Got an encrusted scale mail
  6283 | D:7      | Identified the cursed +0 scale mail "Daerek" {SInv} (You
                  | found it on level 7 of the Dungeon)
  6354 | D:7      | Found a shimmering altar of Xom.
  6357 | D:7      | Found a bloodstained altar of Trog.
  6360 | D:7      | Found a burning altar of Makhleb.
  6479 | D:8      | Reached ** piety under Okawaru
  6489 | D:8      | Noticed a hippogriff
  6495 | D:8      | Killed a hippogriff
  6495 | D:8      | Reached skill level 9 in Shields
  6495 | D:8      | Reached XP level 9. HP: 69/70 MP: 8/8
  6944 | D:8      | Noticed Erica
  6960 | D:8      | Killed Erica
  6960 | D:8      | Reached *** piety under Okawaru
  6960 | D:8      | Reached skill level 10 in Shields
  6964 | D:8      | Reached skill level 10 in Axes
  7331 | D:8      | Noticed a two-headed ogre
  7340 | D:8      | Killed a two-headed ogre
  7340 | D:8      | Reached **** piety under Okawaru
  7340 | D:8      | Reached skill level 11 in Shields
  7340 | D:8      | Reached XP level 10. HP: 72/79 MP: 9/9
  7654 | D:9      | Found a staircase to the Orcish Mines.
  8611 | D:10     | Entered Level 10 of the Dungeon
  8691 | D:10     | Noticed Snorg
  8717 | D:11     | Found a staircase to the Lair.
  8734 | D:11     | Reached skill level 12 in Shields
  8737 | D:11     | Found Deaxij's Book Shop.
  8741 | D:11     | Received a gift from Okawaru
  8754 | D:11     | Noticed a two-headed ogre
  8760 | D:11     | HP: 3/81 [something] (2)]
  8771 | D:11     | HP: 3/81 [something (2)]
  8774 | D:11     | Mangled by an unseen horror

Illustrated notes

Levels and vault maps discovered:
D:1:      lightli_arrival_chessboard, layout_basic
D:2:      layout_rooms, moated_statue, chequers_serial_rivers_room_b,
          nemelex_dance_club_becter, uniq_natasha
D:3:      layout_basic
D:4:      minmay_wonky_spiral, layout_basic, nicolae_ru_awakened_eye,
          minmay_temple_entry_statues_fountains, uniq_robin, uniq_pikel
D:5:      layout_layer_cave, first_ration, basic_altar, minmay_misc_feat_hallway
D:6:      layout_cave_pools, hangedman_abyss_or_decor_lesser_grid
D:7:      layout_rooms, grunt_temple_overflow_diamond, basic_altar,
          uniq_prince_ribbit1, uniq_duvessa
D:8:      layout_rooms, serial_curves, eino_curves_04, eino_curves_03,
          minmay_tree_intersection, uniq_erica
D:9:      layout_long_grid, orc_0_dummy, kennysheep_small_square
D:10:     layout_basic, uniq_snorg, uniq_joseph
D:11:     layout_irregular_city, minmay_lair_entry_grove, serial_shops, shop
Temple:   dpeg_five_rooms_temple

Skill      XL: |  1  2  3  4  5  6  7  8  9 10 |
---------------+-------------------------------+-----
Shields        | 4 6 9 11 12 | 12.1
Armour         | 4 5 6 7 |  7.4
Axes           | 4 5 6 7 8 10 11 | 11.0
Fighting       | 4 5 6 7 8 |  8.4
Dodging        | 1 |  1.1
Invocations    | |  0.1

Action                   |  1- 3 |  4- 6 |  7- 9 | 10-12 || total
-------------------------+-------+-------+-------+-------++-------
Melee: War axe           |    78 |    91 |   278 |   105 ||   552
       Headbutt          |     8 |    10 |    44 |    20 ||    82
Invok: Heroism           |       |       |       |     3 ||     3
  Use: Potion            |       |     5 |     5 |     6 ||    16
       Scroll            |       |     3 |     7 |     4 ||    14
 Stab: Invisible         |       |       |     2 |       ||     2
       Distracted        |       |       |     1 |       ||     1
  Eat: Chunk             |     1 |     2 |    11 |     5 ||    19
       Ration            |       |     1 |     1 |       ||     2
Armor: Scale mail        |    38 |    28 |    33 |       ||    99
       Quicksilver drago |       |       |    30 |    36 ||    66
Dodge: Dodged            |    34 |    18 |    58 |    33 ||   143
Block: Kite shield       |    48 |    65 |   230 |   102 ||   445
